Map: Kairos Junction LE

Players

Neeb

  • Race: Protoss Protoss
  • League: Master
  • Spawn Location: 11:00

Maru - Winner!

  • Race: Terran Terran
  • Spawn Location: 5:00

Event: IEM Season 13 - Katowice Server Qualifiers America

VOD

Have the link to the VOD?

Description

Time

  • Played on: Jan. 6, 2019, 6:36 p.m.
  • Length: 4:41

All games in this series

Show
View Real Time Build Order
Export as new Build Order

Neeb Protoss 

Build Orders: Oracle Opening 

Get SALT Encoding   

  12  0:00  Probe  
  13  0:12  Probe  
  14  0:19  Pylon  
  14  0:25  Probe  
  15  0:33  Probe  
  15  0:41  Gateway, Probe  
  16  0:47  Assimilator  
  17  0:51  Probe  
  17  0:55  Assimilator  
  18  1:03  Probe  
  19  1:06  Pylon  
  19  1:15  Probe  
  20  1:27  Probe  
  20  1:29  Cybernetics Core  
  20  1:32  Zealot  
  23  1:39  Probe  
  24  1:51  Probe  
  25  1:56  Adept  
  27  2:09  Stargate  
  27  2:18  Nexus  
  27  2:24  Adept  
  27  2:27  Warp Gate  
  29  2:31  Probe  
  30  2:40  Pylon  
  30  2:43  Probe  
  31  2:48  Oracle  
  31  2:58  Probe  
  35  3:10  Probe  
  35  3:12  Pylon  
  34  3:15  Oracle  
  34  3:16  Shield Battery  
  34  3:25  Stalker  
  39  3:30  Probe  
  39  3:32  Probe  
  41  3:42  Probe  
  41  3:44  Probe  
  41  3:46  Oracle  
  43  3:54  Probe  
  43  3:55  Stalker  
  49  3:56  Probe  
  50  4:04  Pylon  
  50  4:09  Probe  
  45  4:12  Shield Battery  
  45  4:14  Shield Battery  
Show
View Real Time Build Order
Export as new Build Order

Maru Terran - Winner!

Build Orders: Cyclone Opening 

Get SALT Encoding   

  12  0:00  SCV  
  13  0:13  SCV  
  14  0:17  Supply Depot  
  14  0:25  SCV  
  15  0:38  SCV  
  15  0:42  Barracks  
  16  0:45  Refinery  
  16  0:50  SCV  
  16  0:53  Refinery  
  17  1:02  SCV  
  18  1:14  SCV  
  19  1:29  Marine, Orbital Command  
  19  1:32  Factory  
  20  1:43  Supply Depot  
  20  1:47  Barracks Tech Lab  
  20  1:54  SCV  
  21  2:08  Bunker  
  21  2:09  SCV  
  22  2:21  Cyclone  
  25  2:22  Mag-Field Accelerator  
  25  2:26  Marine  
  27  2:30  SCV  
  27  2:37  Supply Depot  
  27  2:44  Starport  
  27  2:48  SCV  
  28  2:56  Cyclone  
  30  3:00  Barracks Reactor  
  30  3:05  SCV  
  31  3:23  Viking  
  33  3:28  SCV, Supply Depot  
  33  3:31  Cyclone  
  37  3:38  Marine x2  
  39  3:50  SCV  
  40  3:56  Marine x2  
  45  4:22  Command Center  

Tags
 
Add a new tag
Caveats
  • Supply blocks, unpowered buildings, or Contaminate may cause inaccurate times.
  • Supply counts are checked every 10 seconds.